 Dungeon Sprint DCSS version 0.26-a0-660-gc07710193c (webtiles) character file.

Game seed: 14492017737853958083

38847 mhtbhm the Archmage (level 13, -3/65 HPs)
             Began as a Deep Elf Earth Elementalist on Oct 7, 2020.
             Was the Champion of Vehumet.
             Slain by a black mamba (10 damage)
             ... in the Dungeon (Sprint III: "The Ten Rune Challenge").
             The game lasted 00:20:50 (4225 turns).

mhtbhm the Archmage (Deep Elf Earth Elementalist)   Turns: 4225, Time: 00:20:51

Health: -3/65      AC:  4    Str:  5    XL:     13   Next: 66%
Magic:  49/55      EV: 16    Int: 28    God:    Vehumet [******]
Gold:   1077       SH:  0    Dex: 15    Spells: 13/66 levels left

rFire    . . .     SeeInvis .   o - staff of death
rCold    . . .     Faith    .   (no shield)
rNeg     + . .     Spirit   .   c - +0 robe
rPois    +         Reflect  .   (helmet restricted)
rElec    .         Harm     .   (no cloak)
rCorr    +         Rampage  .   t - +1 pair of gloves of Gallantry {rPois rCorr}
MR       +....     NoTele   +   (no boots)
Stlth    +++.......             (no amulet)
HPRegen  0.60/turn              s - ring of magical power
MPRegen  0.34/turn              (no ring)

@: no status effects
A: horns 1, clever 1, regeneration 1, evolution 1, MP-powered wands
a: Renounce Religion


You were in the Dungeon.
You worshipped Vehumet.
Vehumet was exalted by your worship.
You visited 1 branch You collected 2178 gold pieces.
You spent 1101 gold pieces at shops.

Inventory:

Missiles
 b - 15 stones (quivered)
 r - 6 curare-tipped darts
Armour
 c - a +0 robe (worn)
 t - the +1 pair of gloves of Gallantry (worn) {rPois rCorr}
   (You found it in the Dungeon)

   It protects you from poison.
   It provides partial protection from all sources of acid and corrosion.
Magical Staves
 o - an uncursed staff of death (weapon)
Jewellery
 s - a ring of magical power (left hand)
Wands
 d - a wand of disintegration (16)
Scrolls
 i - a scroll of fog
 j - a scroll of holy word {unknown}
 k - a scroll of immolation {unknown}
 l - 2 scrolls of remove curse
 m - a scroll of torment {unknown}
 n - a scroll of identify {unknown}
 u - a scroll of magic mapping
Potions
 e - a potion of heal wounds
 f - a potion of haste
 g - 3 potions of magic
 h - 2 potions of berserk rage
 p - a potion of might
Miscellaneous
 q - a lightning rod (4/4)
 v - a condenser vane (2/2)


   Skills:
 + Level 1.2 Fighting
 + Level 6.8 Dodging
 + Level 6.0 Stealth
 O Level 27 Spellcasting
 + Level 7.2 Conjurations
 + Level 5.8 Transmutations
 + Level 1.0 Fire Magic
 + Level 0.3 Air Magic
 + Level 25.8 Earth Magic
 + Level 0.4 Poison Magic
 + Level 3.0 Evocations


You had 13 spell levels left.
You knew the following spells:

 Your Spells              Type           Power        Failure   Level
a - Sandblast             Erth           ######       0%          1
b - Passwall              Tmut/Erth      #######.     0%          2
c - Stone Arrow           Conj/Erth      ######       0%          3
d - Lee's Rapid Deconstr  Erth           ########..   0%          5
e - Petrify               Tmut/Erth      #######.     0%          4
f - Mephitic Cloud        Conj/Pois/Air  ######..     1%          3
g - Bolt of Magma         Conj/Fire/Erth #######...   1%          5
h - Iron Shot             Conj/Erth      #######...   1%          6
i - Statue Form           Tmut/Erth      #######..    1%          6
j - Shatter               Erth           ########..   1%          9
k - Fire Storm            Conj/Fire      ######....   100%        9

Your spell library contained the following spells:

 Spells                   Type           Power        Failure   Level
 Chain Lightning          Conj/Air       ######....   90%         8
 Absolute Zero            Ice            #####.....   100%        9
 Magic Dart               Conj           ####         1%          1
 Blink                    Tloc           N/A          1%          2
 Call Imp                 Summ           #####...     1%          2
 Slow                     Hex            #####...     1%          2
 Conjure Flame            Conj/Fire      ######..     1%          3
 Ice Form                 Ice/Tmut       ######..     1%          4
 Leda's Liquefaction      Hex/Erth       #######...   1%          4
 Freezing Cloud           Conj/Ice/Air   ######....   11%         6
 Metabolic Englaciation   Hex/Ice        #####.....   19%         5
 Ozocubu's Refrigeration  Ice            #####.....   26%         6
 Simulacrum               Ice/Necr       ######....   71%         6


Dungeon Overview and Level Annotations

Branches:
Dungeon (1/1)

Altars:
Cheibriados
Dithmenos
Elyvilon
Fedhas
Gozag
Hepliaklqana
Kikubaaqudgha
Makhleb
Nemelex Xobeh
Okawaru
Qazlal
Ru
Sif Muna
Trog
Uskayaw
Vehumet
Wu Jian
Xom
Yredelemnul
Zin
The Shining One
Beogh
Jiyva
Lugonu

Shops:
D *(=!!(?:(?=![*}


Innate Abilities, Weirdness & Mutations

You have a pair of small horns on your head.
Your mind is acute. (Int +2)
Your natural rate of healing is unusually fast.
You evolve.
You expend magic power (3 MP) to strengthen your wands.


Message History

* * * LOW HITPOINT WARNING * * *
Unknown command.
Casting: Petrify (safe; 0% risk of failure)
Confirm with . or Enter, or press ? or * to list all spells.
Aiming: Petrify (safe; 0% risk of failure)
Press: ? - help, Shift-Dir - straight line, f/p - black mamba
Aim: a black mamba (lightly wounded, chance to defeat MR: 85%)
Okay, then.
You feel much better. The black mamba completely misses you.
Casting: Petrify (safe; 0% risk of failure)
Confirm with . or Enter, or press ? or * to list all spells.
Aiming: Petrify (safe; 0% risk of failure)
Press: ? - help, Shift-Dir - straight line, f/p - black mamba
Aim: a black mamba (lightly wounded, chance to defeat MR: 85%)
The black mamba is moving more slowly.
The black mamba bites you!
* * * LOW HITPOINT WARNING * * *
The black mamba misses you.
Unknown command.
The black mamba bites you!
You die...

*,,,+≈≈§§§≈§≈≈♣♣.....♣♣♣♣≈≈≈....
*,,,#≈≈≈§§§≈.≈♣♣.≈≈≈≈'♣♣'♣≈≈≈≈≈≈
*,,,#≈.§§§§§§≈≈'†...†#.≈♣♣♣♣♣♣♣♣
*,,,#≈≈§≈≈§≈.≈♣♣♣♣♣♣♣#..♣♣
*,,,#≈≈≈≈≈≈..≈♣ ###'♣♣♣♣♣♣♣
*##+####'#######♣ ♣♣♣♣.##..##≈
*.........).....♣♣ ♣...##.##)#≈
*#+#############'♣ ♣♣.##.##.##'
*,,,*≈P..†††..S@.♣ ♣..#.##...#
*,,,+≈≈..†########** ♣♣.##.##..#
*,,,*≈≈≈,,,,,,,,,,,* ♣♣.##.#####
*,,,*≈≈≈≈,,,,,,,,,,* ♣.....##...
*+*************+*****########+##
**,****** *,,,,,,,,,,,,*#.♣♣
**,*,,,*** *≈≈,,,,,,,,≈≈*#♣.♣
**,,,,,,,** *≈≈≈,,,,,,≈≈≈* ♣.♣
**,,,,,,,,,** *≈≈≈≈≈,,≈≈≈≈≈* ♣♣.


You could see a black mamba (petrifying).

Vanquished Creatures
  Sigmund (D)
  Rupert (D)
  Chuck (D)
  A yaktaur captain (D)
  A fire dragon (D)
  2 hydras (D)
  Erica (D)
  3 centaur warriors (D)
  4 dancing weapons (D)
  4 death yaks (D)
  Urug (D)
  2 deep elf knights (D)
  An unseen horror (D)
  3 death drakes (D)
  A spectral hydra (D)
  4 deep elf magi (D)
  An orange crystal statue (D)
  A lindwurm (D)
  5 ugly things (D)
  4 crystal guardians (D)
  4 statues (D)
  2 cane toads (D)
  Edmund (D)
  A komodo dragon (D)
  A rime drake (D)
  3 wandering mushrooms (D)
  4 spriggan defenders (D)
  A queen bee (D)
  2 tyrant leeches (D)
  8 blink frogs (D)
  2 orc high priests (D)
  6 slime creatures (D)
  3 redbacks (D)
  A shadow (D)
  A spatial vortex (D)
  A floating eye (shapeshifter) (D)
  A swamp drake (D)
  An orc warrior (D)
  2 centaurs (D)
  A necrophage (D)
  3 swamp dragon skeletons (D)
  An earth elemental (D)
  A water elemental (D)
  A scorpion (D)
  32 killer bees (D)
  An electric eel (D)
  A jelly (D)
  3 orc priests (D)
  A wizard (D)
  Jessica (D)
  A necromancer (D)
  3 humans (D)
  A kobold demonologist (D)
  An ooze (D)
  16 orcs (D)
  2 rats (D)
157 creatures vanquished.

Vanquished Creatures (others)
  A bush (D)
  19 plants (D)
20 creatures vanquished.

Grand Total: 177 creatures vanquished

Notes
Turn   | Place    | Note
-------+----------+-------------------------------------------
     0 | D        | mhtbhm the Deep Elf Earth Elementalist began the quest for
                  | the Orb.
     0 | D        | Reached XP level 1. HP: 10/10 MP: 6/6
    46 | D        | Noticed Jessica
    48 | D        | Killed Jessica
    48 | D        | Reached skill level 4 in Spellcasting
    48 | D        | Reached XP level 2. HP: 15/15 MP: 4/9
    48 | D        | Reached XP level 3. HP: 19/19 MP: 4/11
   108 | D        | Learned a level 2 spell: Passwall
   112 | D        | Learned a level 3 spell: Stone Arrow
   145 | D        | Gained mutation: Armour fits poorly on your strangely
                  | shaped body. [potion of mutation]
   145 | D        | Gained mutation: You evolve. [potion of mutation]
   146 | D        | Lost mutation: Armour fits poorly on your strangely shaped
                  | body. [potion of mutation]
   146 | D        | Gained mutation: Your body sometimes deteriorates upon
                  | taking damage. [potion of mutation]
   146 | D        | Gained mutation: Your muscles are strong. (Str +2) [potion
                  | of mutation]
   147 | D        | Lost mutation: Your body sometimes deteriorates upon taking
                  | damage. [potion of mutation]
   147 | D        | Lost mutation: Your muscles are strong. (Str +2) [potion of
                  | mutation]
   147 | D        | Gained mutation: You possess an exceptional clarity of
                  | mind. [potion of mutation]
   147 | D        | Lost mutation: You possess an exceptional clarity of mind.
                  | [potion of mutation]
   147 | D        | Gained mutation: You are partially covered in rugged brown
                  | scales. (AC +1, +3% HP) [potion of mutation]
   148 | D        | Lost mutation: You are partially covered in rugged brown
                  | scales. (AC +1, +3% HP) [potion of mutation]
   148 | D        | Gained mutation: You are surrounded by a mild repulsion
                  | field. (EV +2) [potion of mutation]
   148 | D        | Gained mutation: Your natural rate of healing is unusually
                  | fast. [potion of mutation]
   148 | D        | Gained mutation: Armour fits poorly on your strangely
                  | shaped body. [potion of mutation]
   148 | D        | Gained mutation: You are robust. (+10% HP) [potion of
                  | mutation]
   149 | D        | Lost mutation: Armour fits poorly on your strangely shaped
                  | body. [potion of mutation]
   149 | D        | Lost mutation: You are surrounded by a mild repulsion
                  | field. (EV +2) [potion of mutation]
   149 | D        | Lost mutation: You are robust. (+10% HP) [potion of
                  | mutation]
   149 | D        | Gained mutation: You have a pair of small horns on your
                  | head. [potion of mutation]
   149 | D        | Gained mutation: Your mind is acute. (Int +2) [potion of
                  | mutation]
   153 | D        | Noticed a scorpion
   156 | D        | Killed a scorpion
   156 | D        | Reached skill level 6 in Spellcasting
   156 | D        | Reached XP level 4. HP: 24/24 MP: 9/14
   242 | D        | Noticed a water elemental
   245 | D        | Killed a water elemental
   245 | D        | Reached skill level 7 in Spellcasting
   245 | D        | Reached XP level 5. HP: 28/28 MP: 10/17
   297 | D        | Learned a level 5 spell: Lee's Rapid Deconstruction
   302 | D        | Learned a level 4 spell: Petrify
   305 | D        | Found a radiant altar of Vehumet.
   307 | D        | Reached skill level 8 in Spellcasting
   307 | D        | Reached skill level 1 in Conjurations
   310 | D        | Found a shimmering blue altar of Sif Muna.
   311 | D        | Found an ancient bone altar of Kikubaaqudgha.
   320 | D        | Became a worshipper of Vehumet
   408 | D        | Found a glowing silver altar of Zin.
   408 | D        | Found a glowing golden altar of the Shining One.
   408 | D        | Found a white marble altar of Elyvilon.
   408 | D        | Noticed a deep elf mage
   410 | D        | Killed a deep elf mage
   410 | D        | Reached skill level 5 in Dodging
   410 | D        | Reached skill level 5 in Stealth
   410 | D        | Reached skill level 11 in Spellcasting
   410 | D        | Reached XP level 6. HP: 32/32 MP: 7/22
   410 | D        | Reached XP level 7. HP: 36/36 MP: 7/24
   503 | D        | Found a basalt altar of Yredelemnul.
   503 | D        | Found a shadowy altar of Dithmenos.
   503 | D        | Found a sacrificial altar of Ru.
   505 | D        | Reached * piety under Vehumet
   505 | D        | Offered knowledge of Shock by Vehumet.
   505 | D        | Reached skill level 12 in Spellcasting
   563 | D        | Found a hide-covered altar of Uskayaw.
   563 | D        | Found a roughly hewn altar of Beogh.
   563 | D        | Found an iron altar of Okawaru.
   563 | D        | Found a bloodstained altar of Trog.
   563 | D        | Found an ornate altar of the Wu Jian Council.
   563 | D        | Noticed a human
   563 | D        | Noticed a human
   565 | D        | Killed a human
   566 | D        | Killed a human
   566 | D        | Reached skill level 13 in Spellcasting
   566 | D        | Reached XP level 8. HP: 41/41 MP: 10/27
   655 | D        | Reached ** piety under Vehumet
   655 | D        | Offered knowledge of Freeze by Vehumet.
   683 | D        | Gained mutation: You expend magic power (3 MP) to
                  | strengthen your wands. [evolution]
   722 | D        | Found a blossoming altar of Fedhas.
   722 | D        | Found a stormy altar of Qazlal.
   722 | D        | Found a snail-covered altar of Cheibriados.
   722 | D        | Found a burning altar of Makhleb.
   722 | D        | Found a shimmering altar of Xom.
   723 | D        | Found a hazy altar of Hepliaklqana.
   723 | D        | Found an opulent altar of Gozag.
   723 | D        | Found a sparkling altar of Nemelex Xobeh.
   723 | D        | Found a corrupted altar of Lugonu.
   723 | D        | Found a viscous altar of Jiyva.
   725 | D        | Reached skill level 14 in Spellcasting
   783 | D        | Noticed Erica
   796 | D        | Killed Erica
   796 | D        | Reached skill level 15 in Spellcasting
   796 | D        | Reached skill level 15 in Earth Magic
   796 | D        | Reached XP level 9. HP: 31/45 MP: 11/30
   887 | D        | Offered knowledge of Dazzling Flash by Vehumet.
   887 | D        | Reached *** piety under Vehumet
   934 | D        | Noticed a centaur warrior
   941 | D        | Killed a centaur warrior
   941 | D        | Reached skill level 16 in Spellcasting
  1000 | D        | Killed an unseen horror
  1000 | D        | Reached **** piety under Vehumet
  1000 | D        | Reached skill level 17 in Spellcasting
  1000 | D        | Reached skill level 1 in Evocations
  1042 | D        | Noticed a wandering mushroom
  1046 | D        | Noticed a wandering mushroom
  1049 | D        | Killed a wandering mushroom
  1051 | D        | Noticed a wandering mushroom
  1057 | D        | Killed a wandering mushroom
  1061 | D        | Killed a wandering mushroom
  1061 | D        | Reached skill level 18 in Spellcasting
  1061 | D        | Reached XP level 10. HP: 50/50 MP: 15/34
  1145 | D        | Offered knowledge of Frozen Ramparts by Vehumet.
  1146 | D        | Reached ***** piety under Vehumet
  1149 | D        | Reached ****** piety under Vehumet
  1155 | D        | Reached skill level 19 in Spellcasting
  1259 | D        | Found Liabb's General Store.
  1296 | D        | Offered knowledge of Irradiate by Vehumet.
  1432 | D        | Noticed a deep elf knight
  1432 | D        | Noticed a deep elf mage
  1432 | D        | Noticed a deep elf knight
  1432 | D        | Noticed a deep elf mage
  1432 | D        | Noticed a deep elf mage
  1438 | D        | Killed a deep elf mage
  1438 | D        | Offered knowledge of Olgreb's Toxic Radiance by Vehumet.
  1438 | D        | Killed a deep elf mage
  1443 | D        | Killed a deep elf knight
  1443 | D        | Reached skill level 20 in Spellcasting
  1444 | D        | Killed a deep elf knight
  1444 | D        | Reached XP level 11. HP: 54/54 MP: 22/37
  1447 | D        | Killed a deep elf mage
  1510 | D        | Identified the amulet "Saocludeopp" {Acrobat rF- rC+ rN+
                  | Dex+4}
  1510 | D        | Noticed a deep elf death mage
  1569 | D        | Noticed Sigmund
  1569 | D        | Noticed Edmund
  1578 | D        | Killed Edmund
  1579 | D        | Killed Sigmund
  1579 | D        | Reached skill level 22 in Spellcasting
  1695 | D        | Learned a level 3 spell: Mephitic Cloud
  1703 | D        | Offered knowledge of Bolt of Magma by Vehumet.
  1821 | D        | Found Feonaed's Magic Scroll Emporium.
  1821 | D        | Found Tusaup's Gadget Shoppe.
  1821 | D        | Found Keaz's Antique Weapon Boutique.
  1821 | D        | Found Wuer's Jewellery Emporium.
  1821 | D        | Found Totyix's General Store.
  1821 | D        | Found Kosyfer's Antique Armour Emporium.
  1821 | D        | Found Peleepi's Distillery.
  1822 | D        | Found Tanemm's Book Boutique.
  1822 | D        | Found Hecriash's Magic Scroll Shoppe.
  1822 | D        | Found Homielen's Weapon Shop.
  1822 | D        | Found Ytie's Distillery.
  1859 | D        | Bought an uncursed ring of magical power for 240 gold
                  | pieces
  1895 | D        | Bought a scroll of magic mapping for 35 gold pieces
  1901 | D        | Bought a potion of magic for 96 gold pieces
  1901 | D        | Bought a potion of heal wounds for 60 gold pieces
  1907 | D        | Bought a book of the Earth for 650 gold pieces
  1913 | D        | Learned a level 5 spell: Bolt of Magma
  1920 | D        | Learned a level 6 spell: Iron Shot
  1927 | D        | Learned a level 6 spell: Statue Form
  1937 | D        | Learned a level 9 spell: Shatter
  1944 | D        | Noticed a crystal guardian
  1946 | D        | Noticed a crystal guardian
  1950 | D        | Killed a crystal guardian
  1953 | D        | Noticed a crystal guardian
  1953 | D        | Noticed a crystal guardian
  1955 | D        | Killed a crystal guardian
  1956 | D        | Killed a crystal guardian
  1957 | D        | Killed a crystal guardian
  1957 | D        | Reached skill level 23 in Spellcasting
  1997 | D        | Bought a scroll of fog for 20 gold pieces
  2011 | D        | Noticed a fire elementalist statue
  2011 | D        | Noticed an earth elementalist statue
  2013 | D        | Killed a fire elementalist statue
  2013 | D        | Offered knowledge of Conjure Ball Lightning by Vehumet.
  2017 | D        | Killed an earth elementalist statue
  2099 | D        | Noticed a water elementalist statue
  2099 | D        | Noticed an air elementalist statue
  2101 | D        | Killed a water elementalist statue
  2102 | D        | Killed an air elementalist statue
  2142 | D        | Noticed an orange crystal statue
  2146 | D        | Killed an orange crystal statue
  2146 | D        | Reached XP level 12. HP: 59/59 MP: 40/41
  2311 | D        | Offered knowledge of Freezing Cloud by Vehumet.
  2335 | D        | Noticed a centaur warrior
  2336 | D        | Killed a centaur warrior
  2336 | D        | Reached skill level 24 in Spellcasting
  2346 | D        | Got a pair of spiked gloves
  2352 | D        | Identified the +1 pair of gloves of Gallantry {rPois rCorr}
                  | (You found it in the Dungeon)
  2420 | D        | Noticed a centaur warrior
  2422 | D        | Killed a centaur warrior
  2471 | D        | Noticed a fire dragon
  2482 | D        | Killed a fire dragon
  2598 | D        | Reached skill level 25 in Spellcasting
  2701 | D        | Noticed a yaktaur captain
  2727 | D        | Offered knowledge of Iskenderun's Battlesphere by Vehumet.
  2773 | D        | Killed a yaktaur captain
  2983 | D        | Offered knowledge of Ozocubu's Refrigeration by Vehumet.
  3025 | D        | Noticed Chuck
  3152 | D        | Killed Chuck
  3152 | D        | Reached skill level 26 in Spellcasting
  3329 | D        | Reached XP level 13. HP: 60/64 MP: 38/45
  3424 | D        | Offered knowledge of Lehudib's Crystal Spear by Vehumet.
  3568 | D        | Noticed Urug
  3574 | D        | Killed Urug
  3650 | D        | Reached skill level 27 in Spellcasting
  3868 | D        | Offered knowledge of Fire Storm by Vehumet.
  3868 | D        | Offered knowledge of Chain Lightning by Vehumet.
  3868 | D        | Offered knowledge of Absolute Zero by Vehumet.
  3868 | D        | Reached skill level 5 in Transmutations
  4022 | D        | Found Jovi Pem's Antique Weapon Emporium.
  4022 | D        | Found Lollumpu's Jewellery Shop.
  4022 | D        | Found Vaankowk's Distillery.
  4072 | D        | Reached skill level 5 in Conjurations
  4156 | D        | Learned a level 9 spell: Fire Storm
  4157 | D        | Noticed Rupert
  4160 | D        | Killed Rupert
  4160 | D        | Reached skill level 1 in Fighting
  4213 | D        | Reached skill level 1 in Fire Magic
  4225 | D        | Slain by a black mamba

Illustrated notes

Levels and vault maps discovered:
D:        dungeon_sprint_mu [sprint_mu_entry_forest, sprint_mu_temple_rooms,
          sprint_mu_d1_horrors, sprint_mu_d2_genie, sprint_mu_d3_branching,
          sprint_mu_orc_legion, sprint_mu_elf_gauntlet, sprint_mu_hive_nellie,
          sprint_mu_lair_fedhas, sprint_mu_vaults_butterflies,
          sprint_mu_slime_circle, sprint_mu_swamp_cave, sprint_mu_shoals_kraken,
          sprint_mu_blade_basic, sprint_mu_crypt_chambers,
          sprint_mu_tomb_spiral, sprint_mu_vestibule_basic,
          sprint_mu_gehenna_hellfire, sprint_mu_dis_giant,
          sprint_mu_tartarus_statrot, sprint_mu_cocytus_islands, sprint_mu_zot1]

Skill      XL: |  1  2  3  4  5  6  7  8  9 10 11 12 13 |
---------------+----------------------------------------+-----
Earth Magic    | 6 7 9 12 13 15 17 19 21 23 25 | 25.8
Dodging        | 3 4 5 6 |  6.8
Stealth        | 3 4 5 6 |  6.0
Spellcasting   | 4 6 7 11 13 15 18 20 23 26 27 | 27.0
Conjurations   | 2 3 4 7 |  7.2
Transmutations | 2 3 4 5 |  5.8
Evocations     | 1 2 3 |  3.0
Fighting       | 1 |  1.2
Fire Magic     | 1 |  1.0
Air Magic      | |  0.3
Poison Magic   | |  0.4

Action                   |  1- 3 |  4- 6 |  7- 9 | 10-12 | 13-15 || total
-------------------------+-------+-------+-------+-------+-------++-------
Melee: Staff             |       |       |       |     9 |     2 ||    11
       Unarmed           |       |       |       |     7 |       ||     7
       Headbutt          |       |       |       |     5 |       ||     5
 Cast: Sandblast         |     8 |     5 |       |     2 |       ||    15
       Passwall          |     1 |       |       |       |       ||     1
       Stone Arrow       |       |     2 |     8 |     5 |       ||    15
       Lee's Rapid Decon |       |     4 |    21 |    92 |    45 ||   162
       Petrify           |       |       |     1 |     6 |     9 ||    16
       Bolt of Magma     |       |       |       |     2 |     1 ||     3
       Iron Shot         |       |       |       |     1 |    10 ||    11
       Mephitic Cloud    |       |       |       |     1 |       ||     1
Evoke: Lightning rod     |       |       |     1 |     8 |       ||     9
  Use: Potion            |     5 |       |     1 |     4 |     1 ||    11
       Scroll            |       |       |       |     3 |       ||     3
Armor: Robe              |       |       |     1 |     1 |       ||     2
Dodge: Dodged            |       |       |     1 |    22 |    14 ||    37

Table legend: (Time is in decaauts)
 A = Elapsed time spent in this place.
 B = Non-inter-level travel time spent in this place.
 C = Inter-level travel time spent in this place.
 D = Time resting spent in this place.
 E = Time spent auto-exploring this place.
 F = Levels seen in this place.
 G = Mean time per level.
                   A        B        C        D        E       F      G
               +--------+--------+--------+--------+--------+-----+--------+
         Total |   4277 |   4277 |      0 |   2699 |      1 |   1 | 4277.0 |
       Dungeon |   4277 |   4277 |      0 |   2699 |      1 |   1 | 4277.0 |
               +--------+--------+--------+--------+--------+-----+--------+

Top non-repeatable levels by time:
       D: 4277 daAuts
